 Dungeon Crawl Stone Soup version 0.30-a0-782-ge64f9170bb (webtiles) character file.

Game seed: 4377529236941262921

33 Ge0ff the Sneak (level 3, -13/22 HPs)
             Began as an Octopode Enchanter on Feb 21, 2023.
             Mangled by Crazy Yiuf
             ... wielding a +2 quarterstaff of chaos
              (20 damage)
             ... on level 2 of the Dungeon.
             The game lasted 00:02:29 (1238 turns).

Ge0ff the Sneak (Octopode Enchanter)                Turns: 1238, Time: 00:02:29

Health: -13/22     AC:  1    Str:  7    XL:     3   Next: 29%
Magic:  4/6        EV: 13    Int: 19    God:
Gold:   57         SH:  0    Dex: 12    Spells: 4/6 levels left

rFire   . . .      SeeInvis .    a - +1 dagger
rCold   . . .      Faith    .    (no shield)
rNeg    . . .      Spirit   .    (helmet restricted)
rPois   .          Reflect  .    (no amulet)
rElec   .          Harm     .    (no ring)
rCorr   .          Rampage  .    (no ring)
Will    .....                    (no ring)
Stlth   +++                      (no ring)
HPRegen 0.23/turn                (no ring)
MPRegen 0.10/turn                (no ring)
                                 (no ring)
                                 (no ring)

@: no status effects
A: almost no armour, amphibious, 8 rings, camouflage 1, gelatinous body 1,
(nimble swimmer 1), tentacles
a: no special abilities


You were on level 2 of the Dungeon.
You visited 1 branch of the dungeon, and saw 2 of its levels.

You collected 57 gold pieces.

Inventory:

Hand Weapons
 a - a +1 dagger (weapon)
Missiles
 M - 27 stones (quivered)
 P - 2 poisoned darts
Scrolls
 V - a scroll of vulnerability
Potions
 u - a potion of mutation {!q}
 I - 2 potions of invisibility
 L - a potion of heal wounds {unknown}
 N - a potion of brilliance {unknown}
 X - a potion of flight


   Skills:
 + Level 0.9 Fighting
 + Level 1.2 Short Blades
 - Level 2.0 Dodging
 + Level 4.2 Stealth
 + Level 2.2 Spellcasting
 + Level 3.2 Hexes
 * Level 1.4 Ice Magic


You had 4 spell levels left.
You knew the following spells:

 Your Spells              Type           Power      Damage    Failure   Level
C - Ensorcelled Hibernat  Hex/Ice        20%        N/A       10%         2

Your spell library contained the following spells:

 Spells                   Type           Power      Damage    Failure   Level
 Confusing Touch          Hex            14%        N/A       13%         3
 Tukima's Dance           Hex            14%        N/A       13%         3
 Dazzling Flash           Conj/Hex       16%        N/A       26%         3
 Portal Projectile        Hex/Tloc       16%        N/A       26%         3
 Call Canine Familiar     Summ           2%         N/A       45%         3
 Leda's Liquefaction      Hex/Erth       4%         N/A       65%         4
 Summon Ice Beast         Ice/Summ       4%         N/A       77%         4
 Summon Mana Viper        Hex/Summ       8%         N/A       94%         5
 Monstrous Menagerie      Summ           1%         N/A       100%        7


Dungeon Overview and Level Annotations

Branches:
Dungeon (2/15) Zot: 10764

Altars:
Wu Jian

Annotations:
D:2 Crazy Yiuf


Innate Abilities, Weirdness & Mutations

You cannot wear most types of armour.
You are amphibious.
You can wear up to eight rings at the same time.
Your skin changes colour to match your surroundings (Stealth+).
Your rubbery body absorbs attacks. (AC +1, EV +1)
((You are camouflaged when in or above water. (Stealth+)))
You have tentacles for arms and can constrict up to eight enemies at once.


Message History

The slug dart hits you.
You hit the dart slug but do no damage.
The dart slug is heavily wounded.
You constrict the dart slug. You hit the dart slug but do no damage.
You squeeze the dart slug.
You kill the dart slug!
You see here a dart slug corpse.
M - 23 stones (gained 6)
K - 3 scrolls labelled NESHOEC GUWUMM (gained 1)
You open the door.
There is an open door here.
You open the door.
Found a stone staircase leading up.
There is an open door here.
Found a stone staircase leading down.
You now have 57 gold pieces (gained 12).
As you read the scroll labelled NESHOEC GUWUMM, it crumbles to dust.
It is a scroll of identify.
O - a scroll of vulnerability;
V - a scroll of vulnerability
i - 2 scrolls of identify
As you read the scroll of identify, it crumbles to dust.
J - a potion of flight;
X - a potion of flight
As you read the scroll of identify, it crumbles to dust.
Q - a potion of mutation;
u - a potion of mutation A rat comes into view.
The helpless rat fails to defend itself.
You puncture the rat!
You kill the rat!
You see here a rat corpse.
You open the door.
There is an open door here.
M - 27 stones (gained 4)
Found a runed translucent door.
Crazy Yiuf shouts!
You open the door.
Casting: Ensorcelled Hibernation (safe; 10% risk of failure)
Confirm with . or Enter, or press ? or * to list all spells.
Aiming: Ensorcelled Hibernation (safe; 10% risk of failure)
Press: ? - help, Shift-Dir - straight line, f - Crazy Yiuf
Aim: Crazy Yiuf, wielding a +2 quarterstaff of chaos and wearing a +0 cloak (chance to affect: 52%) Crazy Yiuf looks drowsy...
The helpless Crazy Yiuf fails to defend himself.
You puncture Crazy Yiuf! Your grab misses Crazy Yiuf.
Crazy Yiuf is almost dead.
Crazy Yiuf yells, "Announcement!"
Crazy Yiuf hits you with a +2 quarterstaff of chaos!
Ouch! That really hurt!
You are electrocuted!!
Ouch! That really hurt!
You die...

.##†####>..# #.##
.##.# .###
############... .##.#
.# #..........####
.#..######
######.....####
........# #..†..'...
##.###### #.....####
#.# ###### ###
#.....'.#
##'####....## ###..)#
#.....#.#
............####@g...#
#.....#.#
.............#..##...#
#######.#
............#.### ###
#.## ........#######
#... ........# ####
##.###### ##.# ...#
##.#


You could see Crazy Yiuf.

Vanquished Creatures
  A dart slug (D:2)
  6 ball pythons
  2 bats (D:1)
  3 endoplasms
  2 giant cockroaches
  A goblin (D:2)
  4 hobgoblins
  2 quokkas
  A frilled lizard (D:2)
  4 kobolds
  4 rats
30 creatures vanquished.

Notes
Turn   | Place    | Note
-------+----------+-------------------------------------------
     0 | D:1      | Ge0ff the Octopode Enchanter began the quest for the Orb.
     0 | D:1      | Reached XP level 1. HP: 11/11 MP: 3/3
   145 | D:1      | Reached XP level 2. HP: 18/18 MP: 5/5
   148 | D:1      | Learned a level 2 spell: Ensorcelled Hibernation
   554 | D:1      | Reached skill level 1 in Ice Magic
  1031 | D:2      | Reached XP level 3. HP: 20/22 MP: 6/6
  1110 | D:2      | Found an ornate altar of the Wu Jian Council.
  1232 | D:2      | Found a runed translucent door.
  1233 | D:2      | Noticed Crazy Yiuf
  1238 | D:2      | Mangled by Crazy Yiuf

Illustrated notes

Levels and vault maps discovered:
D:1:      spicycebolla_arrival_xxxplode, layout_basic,
          chequers_serial_rivers_micro_a, dreamdust_mushroom_princess,
          interstate_on_off
D:2:      layout_basic, basic_altar, uniq_crazy_yiuf_cottage

Skill      XL: |  1  2 |
---------------+-------+-----
Ice Magic      | 1 |  1.4
Fighting       | |  0.9
Short Blades   | |  1.2
Dodging        | |  2.0
Stealth        | |  4.2
Spellcasting   | |  2.2
Hexes          | |  3.2

Action                     || total
---------------------------++-------
  Melee: Dagger            ||    53
         Constrict         ||    12
         Tentacles         ||     8
  Throw: Stone             ||     1
   Cast: Ensorcelled Hiber ||     1
    Use: Scroll            ||     3
   Stab: Sleeping          ||    13
 Armour: Skin              ||     2
  Dodge: Dodged            ||    27

Table legend: (Time is in decaauts)
 A = Elapsed time spent in this place.
 B = Non-inter-level travel time spent in this place.
 C = Inter-level travel time spent in this place.
 D = Time resting spent in this place.
 E = Time spent auto-exploring this place.
 F = Levels seen in this place.
 G = Mean time per level.
                   A        B        C        D        E       F      G
               +--------+--------+--------+--------+--------+-----+--------+
         Total |   1235 |   1217 |     18 |      0 |    964 |   2 |  617.5 |
       Dungeon |   1235 |   1217 |     18 |      0 |    964 |   2 |  617.5 |
               +--------+--------+--------+--------+--------+-----+--------+

Top non-repeatable levels by time:
     D:1: 793 daAuts
     D:2: 441 daAuts
